 Dungeon Crawl Stone Soup version 0.23.2-1-ga50397a (webtiles) character file.

Game seed: 5222197750303622847

55 steinardarri the Sneak (level 3, 0/17 HPs)
             Began as a Spriggan Enchanter on May 30, 2019.
             Slain by a vampire bat (2 damage)
             ... on level 2 of the Dungeon on May 31, 2019.
             The game lasted 00:35:57 (3326 turns).

steinardarri the Sneak (Spriggan Enchanter)         Turns: 3326, Time: 00:35:59

Health: 0/17       AC:  2    Str:  3 (4)  XL:     3   Next: 67%
Magic:  8/8        EV: 18    Int: 15 (17) God:
Gold:   101        SH:  0    Dex: 14 (16) Spells: 4/7 levels left

rFire    . . .     SeeInvis +   a - +1 dagger
rCold    . . .     Gourm    .   (shield restricted)
rNeg     . . .     Faith    .   b - +0 robe
rPois    .         Spirit   .   (helmet restricted)
rElec    .         Reflect  .   (no cloak)
rCorr    .         Harm     .   (gloves unavailable)
MR       .....                  (boots unavailable)
Stlth    +++.......             (no amulet)
HPRegen  0.05/turn              (no ring)
MPRegen  0.11/turn              (no ring)

@: flying, very quick
A: very small, unfitting armour, see invisible, herbivore, speed 3, slow
metabolism 2
a: no special abilities


You were on level 2 of the Dungeon.
You were not hungry.

You visited 1 branch of the dungeon, and saw 3 of its levels.

You collected 101 gold pieces.

Inventory:

Hand Weapons
 a - a +1 dagger (weapon)
Missiles
 l - 5 tomahawks (quivered)
Armour
 b - a +0 robe (worn)
Jewellery
 f - an uncursed ring of fire
 h - an uncursed ring of protection from fire {unknown}
Scrolls
 g - a scroll of enchant armour {unknown}
 m - a scroll of remove curse {unknown}
Potions
 i - a potion of degeneration
 j - a potion of flight
 k - a potion of heal wounds {unknown}
Comestibles
 d - 4 rations


   Skills:
 - Level 0.4 Fighting
 - Level 1.8 Short Blades
 - Level 3.3 Dodging
 * Level 5.7 Stealth
 - Level 2.7 Spellcasting
 + Level 3.9 Hexes
 * Level 0.6 Ice Magic


You had 4 spell levels left.
You knew the following spells:

 Your Spells              Type           Power        Failure   Level  Hunger
a - Corona                Hex            ##.....      4%          1    #......
b - Ensorcelled Hibernat  Hex/Ice        #.....       12%         2    ##.....

Your spell library contained the following spells:

 Spells                   Type           Power        Failure   Level  Hunger
 Confuse                  Hex            ##......     12%         3    ###....
 Tukima's Dance           Hex            ##......     12%         3    ###....
 Dazzling Spray           Conj/Hex       #.....       28%         3    ###....


Dungeon Overview and Level Annotations

Branches:
Dungeon (3/15)

Altars:
Cheibriados
Gozag
Kikubaaqudgha
Vehumet


Innate Abilities, Weirdness & Mutations

You are very small and have problems with some larger weapons.
You are too small for most types of armour.
You have supernaturally acute eyesight. (SInv)
You are a herbivore.
You cover ground extremely quickly.
You need to consume almost no food.


Message History

The vampire bat misses you. The vampire bat completely misses you.
It was a potion of flight.
You feel very buoyant.
You fly up into the air.
The vampire bat closely misses you. The vampire bat barely misses you.
The vampire bat closely misses you. The vampire bat misses you.
The vampire bat completely misses you. The vampire bat barely misses you.
The vampire bat bites you.
* * * LOW HITPOINT WARNING * * *
The vampire bat draws strength from your injuries!
The vampire bat closely misses you. The vampire bat completely misses you.
The vampire bat bites you but does no damage.
It was a potion of magic.
Magic courses through your body. The vampire bat barely misses you.
The vampire bat bites you.
You die...

#..........###############.#
######.....###### #.#
#..........# ###
#.....####.# #..S..# #.#
###.######.# #.###.##.#
#.##.#.#.#######
#####.#.#..@.......#
#.....##..b#.#######
#.#######.##.......# #.#
#.##.####### ♣ #.# #.##.#
♣♣. #.# #.##.# ♣♣.♣♣ #S#
#.##.### ♣♣^..♣
######.#######.##>..# ♣....♣
#..S...........##.#.# ##..##


You could see a vampire bat.

Vanquished Creatures
  An adder (D:2)
  An ooze (D:2)
  A dart slug (D:1)
  A leopard gecko (D:1)
  4 bat skeletons (D:2)
  A giant cockroach (D:1)
  5 hobgoblins
  4 kobolds
  6 bats
  2 frilled lizards (D:1)
  6 goblins
  4 rats
36 creatures vanquished.

Notes
Turn   | Place    | Note
-------+----------+-------------------------------------------
     0 | D:1      | steinardarri the Spriggan Enchanter began the quest for the
                  | Orb.
     0 | D:1      | Reached XP level 1. HP: 9/9 MP: 5/5
   383 | D:1      | Reached XP level 2. HP: 9/13 MP: 6/6
   529 | D:1      | Learned a level 2 spell: Ensorcelled Hibernation
   688 | D:1      | Reached skill level 5 in Stealth
  1825 | D:2      | Reached XP level 3. HP: 16/16 MP: 2/8
  1964 | D:2      | Found a snail-covered altar of Cheibriados.
  2335 | D:2      | Found a faded altar of an unknown god.
  2669 | D:2      | Found a radiant altar of Vehumet.
  2822 | D:2      | Found an opulent altar of Gozag.
  3238 | D:2      | Found an ancient bone altar of Kikubaaqudgha.
  3326 | D:2      | Slain by a vampire bat

Skill      XL: |  1  2 |
---------------+-------+-----
Stealth        | 5 |  5.7
Fighting       | |  0.4
Short Blades   | |  1.8
Dodging        | |  3.3
Spellcasting   | |  2.7
Hexes          | |  3.9
Ice Magic      | |  0.6

Action                   || total
-------------------------++-------
Melee: Dagger            ||   112
 Cast: Corona            ||    14
       Ensorcelled Hiber ||    25
  Use: Potion            ||     3
       Scroll            ||     1
 Stab: Sleeping          ||    23
  Eat: Ration            ||     1
Armor: Robe              ||    32
Dodge: Dodged            ||   202
